 Dungeon Crawl Stone Soup version 0.24-a0-201-gf205589 (console) character file.

Game seed: 11797477947102457529

87 bli the Cudgeler (level 4, -3/29 HPs)
             Began as a Gargoyle Monk on Mar 23, 2019.
             Slain by Sigmund
             ... wielding a +0 scythe
              (6 damage)
             ... on level 2 of the Dungeon.
             The game lasted 00:04:38 (1129 turns).

bli the Cudgeler (Gargoyle Monk)                    Turns: 1129, Time: 00:04:39

Health: -3/29      AC:  6    Str: 14    XL:     4   Next: 51%
Magic:  4/4        EV:  8    Int: 11    God:
Gold:   133        SH:  9    Dex: 13    Spells: 3/3 levels left

rFire    . . .     SeeInvis .   a - +0 mace
rCold    . . .     Gourm    .   q - -1 large shield (curse)
rNeg     + . .     Faith    +   b - +0 robe
rPois    ∞         Spirit   .   (no helmet)
rElec    +         Reflect  .   n - +0 cloak
rCorr    .         Harm     .   (no gloves)
MR       .....                  (no boots)
Stlth    +++.......             o - amulet of faith
HPRegen  0.09/turn              p - ring of stealth
MPRegen  0.09/turn              (no ring)

@: no status effects
A: negative energy resistance 1, electricity resistance, unbreathing,
petrification resistance, rot immunity, AC +3
a: no special abilities


You were on level 2 of the Dungeon.
You were not hungry.

You visited 1 branch of the dungeon, and saw 2 of its levels.

You collected 133 gold pieces.

Inventory:

Hand Weapons
 a - a +0 mace (weapon)
Missiles
 e - 40 stones (quivered)
 k - 15 poisoned needles
Armour
 b - a +0 robe (worn)
 n - a +0 cloak (worn)
 q - a cursed -1 large shield (worn)
Jewellery
 o - an amulet of faith (around neck)
 p - a ring of stealth (left hand)
Scrolls
 g - a scroll of amnesia {unknown}
 h - a scroll of enchant weapon {unknown}
 i - 2 scrolls of identify {unknown}
 l - a scroll of remove curse {unknown}
 m - a scroll of teleportation {unknown}
Potions
 f - a potion of might
 j - 3 potions of curing {unknown}
Comestibles
 c - 7 rations
 d - 5 chunks of flesh


   Skills:
 * Level 3.9 Fighting
 * Level 4.4 Maces & Flails
 + Level 2.7 Dodging
 + Level 2.2 Stealth


You had 3 spell levels left.
You didn't know any spells.
Your spell library was empty.

Dungeon Overview and Level Annotations

Branches:
Dungeon (2/15)

Altars:

Annotations:
D:2 Sigmund


Innate Abilities, Weirdness & Mutations

You are resistant to torment.
Your stone body is resilient. (AC +3)
You are immune to poison.
You resist negative energy. (rN+)
You are resistant to electric shocks. (rElec)
You can survive without breathing.
You are immune to petrification.
You are immune to rotting.


Message History

You continue putting on your glowing large shield. x4
You finish putting on your cursed -1 large shield.
Oops, that feels deathly cold.
Sigmund the Dreaded comes into view.
He is wielding a +0 scythe.
Sigmund shouts!
Sigmund casts a spell at you. The magic dart hits you.
You block Sigmund's attack.
Your shield prevents you from hitting Sigmund.
Sigmund casts a spell.
Sigmund flickers and vanishes!
Deactivating autopickup; reactivate with Ctrl-A.
You completely miss something.
You hear some strange, mumbled words.
A puff of flame appears from out of thin air!
The puff of flame hits you!
You miss something. Something hits you!
* * * LOW HITPOINT WARNING * * *
You closely miss something. Something hits you.
You die...

#.####.##..# #.####.####
# ...##..# #...÷......
###..#..######.########
##.#..##.....#
#.#.###.##### #
###.#....÷############ .
.....####............
..###.#.#....###########
..........#### ###.
.#.....### ####...
#....@# #...... #...{.#
####...... #.....#
###......... #.....#
#....#...... #.....#
###...#.#### #.....#
#........... #......
.........### #......
##.......# #.......#
#######.. . ..###


There were no monsters in sight!

Vanquished Creatures
  Jessica (D:2)
  2 adders (D:2)
  2 dart slugs (D:1)
  A leopard gecko (D:1)
  A ball python (D:1)
  5 bats
  7 goblins
  6 hobgoblins (D:1)
  6 kobolds (D:1)
  2 frilled lizards
  6 rats
39 creatures vanquished.

Notes
Turn   | Place    | Note
-------+----------+-------------------------------------------
     0 | D:1      | bli the Gargoyle Monk began the quest for the Orb.
     0 | D:1      | Reached XP level 1. HP: 14/14 MP: 1/1
    48 | D:1      | Reached XP level 2. HP: 13/19 MP: 2/2
   464 | D:1      | Reached XP level 3. HP: 16/24 MP: 3/3
   750 | D:2      | Noticed Jessica
   765 | D:2      | Killed Jessica
   765 | D:2      | Reached skill level 4 in Maces & Flails
   765 | D:2      | Reached XP level 4. HP: 22/29 MP: 4/4
  1123 | D:2      | Noticed Sigmund
  1129 | D:2      | Slain by Sigmund

Levels and vault maps discovered:
D:1:      saegor_arrival_miasma, layout_rooms, hangedman_decor_clover_reticule
D:2:      layout_rooms, uniq_jessica, uniq_sigmund

Skill      XL: |  1  2  3 |
---------------+----------+-----
Maces & Flails | 4 |  4.4
Fighting       | |  3.9
Dodging        | |  2.7
Stealth        | |  2.2

Action                   |  1- 3 |  4- 6 || total
-------------------------+-------+-------++-------
Melee: Mace              |   109 |    39 ||   148
 Stab: Sleeping          |       |     1 ||     1
  Eat: Chunk             |       |     1 ||     1
Armor: Robe              |    39 |    17 ||    56
Dodge: Dodged            |    91 |    35 ||   126
Block: Large shield      |       |     1 ||     1

Table legend:
 A = Non-vault XP
 B = Vault XP
 C = Vault XP percentage of total XP
 D = Non-vault monster count
 E = Vault monster count
 F = Vault count percentage of total count
                 A         B        C        D         E       F
            +---------+---------+-------+---------+---------+-------
      Total |      88 |      37 |  29.6 |      38 |       1 |   2.6
            +---------+---------+-------+---------+---------+-------
        D:1 |      55 |       0 |   0.0 |      31 |       0 |   0.0
        D:2 |      33 |      37 |  52.9 |       7 |       1 |  12.5
            +---------+---------+-------+---------+---------+-------
